Map: Thunderbird LE

Players

Smeeeger

  • Race: Zerg Zerg
  • League: Platinum
  • Spawn Location: 5:00

AlphaJK - Winner!

  • Race: Zerg Zerg
  • League: Diamond
  • Spawn Location: 11:00

VOD

Have the link to the VOD?

Description

Time

  • Played on: July 18, 2019, 11:08 a.m.
  • Length: 3:03
Show
View Real Time Build Order
Export as new Build Order

Smeeeger Zerg 

Build Orders: Hatch First 

Get SALT Encoding   

  12  0:01  Drone  
  13  0:16  Overlord  
  13  0:23  Drone  
  14  0:35  Drone x2  
  16  0:39  Drone  
  17  0:55  Drone  
  18  1:00  Hatchery  
  17  1:07  Drone  
  17  1:09  Extractor  
  17  1:13  Drone  
  18  1:22  Spawning Pool  
  17  1:29  Drone  
  18  1:32  Drone  
  19  1:43  Overlord  
  19  2:13  Spine Crawler  
  19  2:15  Queen  
  18  2:18  Zergling x8  
  18  2:20  Spine Crawler  
  23  2:35  Zergling x4  
  23  2:36  Zergling x2  
Show
View Real Time Build Order
Export as new Build Order

AlphaJK Zerg - Winner!

Build Orders: Pool First 

Get SALT Encoding   

  12  0:01  Drone  
  13  0:08  Drone  
  14  0:15  Extractor  
  14  0:16  Drone  
  15  0:22  Overlord  
  15  0:40  Drone x2  
  17  0:45  Spawning Pool  
  17  0:48  Drone  
  17  1:11  Hatchery  
  16  1:13  Drone  
  17  1:31  Zergling x2  
  17  1:32  Zergling x4  
  20  1:35  Extractor  
  19  1:41  Queen  
  19  1:42  Zergling x2  
  22  1:55  Overlord  
  22  2:23  Zergling x4, Spine Crawler  
  22  2:29  Spine Crawler, Zergling x2  
  23  2:33  Drone  
  23  2:36  Zergling x2  
Tags
 
Add a new tag
Caveats
  • Supply blocks, unpowered buildings, or Contaminate may cause inaccurate times.
  • Supply counts are checked every 10 seconds.